 Dungeon Sprint DCSS version 0.17-a0-1582-ge6b0260 (webtiles) character file.

0 nuthulu the Covered (level 2, -3/30 HPs)
             Began as a Gargoyle Fighter on July 27, 2015.
             Was an Initiate of Trog.
             Slain by a soldier ant (4 damage)
             ... in the Dungeon (Sprint VI: "Thunderdome").
             The game lasted 00:00:33 (52 turns).

nuthulu the Covered (Gargoyle Fighter)                Turns: 52, Time: 00:00:33

Health: -3/30      AC: 10    Str: 24    XL:     2   Next: 87%
Magic:  2/2        EV:  7    Int:  8    God:    Trog [......]
Gold:   32         SH:  9    Dex:  9    Spells: 0 memorised, 1 level left

rFire  . . .     SeeInvis .     a - +0 flail
rCold  . . .     Clarity  .     b - +0 scale mail
rNeg   + . .     SustAt   .     c - +0 shield
rPois  ∞         Gourm    .     (no helmet)
rElec  +         Spirit   .     (no cloak)
rCorr  .         Warding  .     (no gloves)
rMut   .         NoTele   +     (no boots)
MR     .....                    (no amulet)
Stlth  ..........               (no ring)
                                (no ring)

@: mighty, berserking, very quick, not resistant to hostile enchantments,
extremely unstealthy
A: negative energy resistance 1, electricity resistance, unbreathing,
petrification resistance, rot immunity, AC +2
a: Burn Spellbooks, Renounce Religion


You were in the Dungeon.
You worshipped Trog.
Trog was noncommittal.
You were not hungry.

You visited 1 branch You collected 200 gold pieces.
You spent 168 gold pieces at shops.

Inventory:

Hand weapons
 a - a +0 flail (weapon)
Armour
 b - a +0 scale mail (worn)
 c - a +0 shield (worn)
Magical devices
 l - a wand of cold (5)
 m - a wand of fire (5)
Scrolls
 k - 4 scrolls of blinking
 n - 3 scrolls of fog
Potions
 d - 6 potions of might
 f - a potion of curing
 g - 4 potions of heal wounds
 h - 4 potions of haste
 i - 2 potions of magic
 o - a potion of resistance
Comestibles
 e - a bread ration


   Skills:
 + Level 4.4 Fighting
 + Level 3.3 Maces & Flails
 + Level 4.4 Armour
 + Level 4.3 Shields


You had one spell level left.
You didn't know any spells.

Dungeon Overview and Level Annotations

Branches:
Dungeon (1/1)

Altars:
Cheibriados
Dithmenos
Fedhas
Gozag
Makhleb
Qazlal
Ru
Trog
Vehumet
Xom
Yredelemnul
Lugonu

Shops:
D ??*:[((!!!!


Innate Abilities, Weirdness & Mutations

You are resistant to torment.
Your stone body is resilient (AC +2).
You are immune to poison.
You resist negative energy.
You are resistant to electric shocks.
You can survive without breathing.
You are immune to petrification.
You are immune to rotting.


Message History

The worker ant is severely wounded.
The worker ant bites you but does no damage.
You block the soldier ant's attack.
You barely miss the worker ant.
The worker ant is severely wounded.
The worker ant bites you. The soldier ant stings you.
* * * LOW HITPOINT WARNING * * *
You sock the worker ant!
You kill the worker ant!
Trog accepts your kill.
Your Fighting skill increases to level 4!
Your Maces & Flails skill increases to level 3!
Your Armour skill increases to level 4!
Your Shields skill increases to level 4!
You have reached level 2!
The soldier ant stings you but does no damage.
You thump the soldier ant!
The soldier ant is moderately wounded.
The soldier ant stings you.
You die...

... #...###..........⌠#
.....###.............##
...8. #.8........∩###
......###......__.∩##
#.8.........8.######
#⌠...........⌠#
###.........###
......a_# .......@#
......._# .......∩#
∩.....∩## #.....#
##⌠⌠⌠# ####


You could see a soldier ant.

Vanquished Creatures
  A worker ant (D)
1 creature vanquished.

Notes
Turn   | Place    | Note
--------------------------------------------------------------
     0 | D        | nuthulu the Gargoyle Fighter began the quest for the Orb.
     0 | D        | Reached XP level 1. HP: 14/14 MP: 1/1
     1 | D        | Found a corrupted altar of Lugonu.
     1 | D        | Found a shimmering altar of Xom.
     2 | D        | Found a basalt altar of Yredelemnul.
     2 | D        | Found a bloodstained altar of Trog.
     4 | D        | Found Loruamon's Do-It-Yourself Clinic.
     4 | D        | Found a blossoming altar of Fedhas.
     4 | D        | Found Yheqo's Distillery.
     5 | D        | Found Rodinym's Bottled Wisdom.
     5 | D        | Found Ubbor Omn's Distillery.
     5 | D        | Round 1.
     9 | D        | Found a sacrificial altar of Ru.
    13 | D        | Bought 6 potions of might for 168 gold pieces
    17 | D        | Found a stormy altar of Qazlal.
    18 | D        | Found Yxzofytawn's Staff Store.
    20 | D        | Found a snail-covered altar of Cheibriados.
    20 | D        | Found a radiant altar of Vehumet.
    20 | D        | Found a burning altar of Makhleb.
    20 | D        | Found Iretif's Magic Scroll Shop.
    21 | D        | Found Zupam's Must-Have Magic.
    21 | D        | Found Befu's Magic Scroll Shop.
    22 | D        | Noticed a soldier ant
    24 | D        | Found a shadowy altar of Dithmenos.
    35 | D        | Noticed a worker ant
    36 | D        | Found an opulent altar of Gozag.
    37 | D        | Found Doidem's Weapon Rack.
    38 | D        | Found Okhloemne's Basic Armour.
    38 | D        | Found Ipnig's Miscellaneous Merchandise.
    43 | D        | Became a worshipper of Trog the Wrathful
    50 | D        | HP: 1/21 [soldier ant (6)]
    51 | D        | Killed a worker ant
    51 | D        | Reached skill level 4 in Fighting
    51 | D        | Reached XP level 2. HP: 1/20 MP: 2/2
    52 | D        | Slain by a soldier ant

Vault maps used:
D:        arena_sprint

Action                   || total
-------------------------++-------
Melee: Flail             ||     7
  Use: Potion            ||     2
